 Dungeon Crawl Stone Soup version 0.28.0-45-g0d030f2227 (webtiles) character file.

Game seed: 8733366434965935757

793 nickcage the Basher (level 7, 0/59 HPs)
             Began as a Minotaur Abyssal Knight on Apr 11, 2022.
             Was a Priest of Lugonu.
             Slain by Pikel
             ... wielding a +2 whip of flaming
              (5 damage)
             ... on level 5 of the Dungeon.
             The game lasted 00:12:11 (4465 turns).

nickcage the Basher (Minotaur Abyssal Knight)       Turns: 4465, Time: 00:12:12

Health: 0/59       AC:  7    Str: 20    XL:     7   Next: 57%
Magic:  7/7        EV:  9    Int:  7    God:    Lugonu [***...]
Gold:   161        SH:  5    Dex: 14    Spells: 6/6 levels left

rFire   . . .      SeeInvis .   a - +1 mace
rCold   . . .      Faith    .   c - +0 buckler
rNeg    . . .      Spirit   .   k - +0 scale mail
rPois   .          Reflect  .   (helmet restricted)
rElec   .          Harm     .   (no cloak)
rCorr   +          Rampage  .   e - +0 pair of gloves
Will    .....                   (no boots)
Stlth   ..........              (no amulet)
HPRegen 0.19/turn               n - ring of resist corrosion
MPRegen 0.10/turn               (no ring)

@: no status effects
A: horns 2, retaliatory headbutt, agile 2, wild magic 1
a: Renounce Religion, Depart the Abyss, Bend Space, Banish


You were on level 5 of the Dungeon.
You worshipped Lugonu.
Lugonu was most pleased with you.
You visited 1 branch of the dungeon, and saw 5 of its levels.
You visited the Abyss 1 time.

You collected 161 gold pieces.

Inventory:

Hand Weapons
 a - a +1 mace (weapon)
Missiles
 h - 3 poisoned darts (quivered)
Armour
 b - a +0 leather armour
 c - a +0 buckler (worn)
 e - a +0 pair of gloves (worn)
 j - a +1 leather armour of willpower
 k - a +0 scale mail (worn)
Jewellery
 l - a ring of magical power
 n - a ring of resist corrosion (left hand)
Wands
 i - a wand of iceblast (5)
 o - a wand of mindburst (12)
Scrolls
 f - 4 scrolls of identify {unknown}
 g - a scroll of vulnerability {unknown}
 m - a scroll of brand weapon {unknown}
 p - 2 scrolls of teleportation {unknown}
 r - a scroll of magic mapping {unknown}
 s - a scroll of blinking {unknown}
Potions
 d - 4 potions of berserk rage {unknown}
 q - a potion of brilliance {unknown}


   Skills:
 - Level 4.1 Fighting
 + Level 9.3 Maces & Flails
 - Level 0.3 Throwing
 - Level 2.4 Armour
 - Level 1.1 Dodging
 - Level 4.0 Shields
 - Level 1.7 Invocations


You had 6 spell levels left.
You didn't know any spells.
Your spell library contained the following spells:

 Spells                   Type           Power      Damage    Failure   Level
 Animate Skeleton         Necr           0%         N/A       91%         1
 Apportation              Tloc           0%         N/A       91%         1
 Freeze                   Ice            0%         1d3       91%         1
 Sting                    Tmut/Pois      0%         1d3       91%         1
 Summon Small Mammal      Summ           0%         N/A       91%         1
 Poisonous Vapours        Pois/Air       0%         N/A       97%         2
 Scorch                   Fire           0%         2d5       97%         2
 Sublimation of Blood     Necr           0%         N/A       97%         2
 Wereblood                Tmut           0%         N/A       97%         2
 Frozen Ramparts          Ice            0%         1d2       99%         3
 Flame Wave               Conj/Fire      0%         2d4       100%        4
 Hailstorm                Conj/Ice       0%         3d3       100%        4
 Olgreb's Toxic Radiance  Pois           0%         N/A       100%        4
 Summon Cactus Giant      Summ           0%         N/A       100%        6
 Summon Hydra             Summ           0%         N/A       100%        7


Dungeon Overview and Level Annotations

Branches:
Dungeon (5/15)
 Temple: D:4-7

Altars:
Ashenzari
Uskayaw
Vehumet
Wu Jian

Annotations:
D:5 Pikel


Innate Abilities, Weirdness & Mutations

You have a pair of horns on your head.
You reflexively headbutt those who attack you in melee.
You are very agile. (Dex +4)
Your spells are a little harder to cast, but a little more powerful.


Message History

The adder bites you but does no damage.
You hit the adder.
You kill the adder!
Lugonu accepts your kill.
You start resting.
Pikel and a lemure come into view.
Pikel is wielding a +2 whip of flaming and carrying a wand of paralysis (9).
Pikel shouts!
The lemure shouts! x2
A lemure comes into view.
You completely miss Pikel.
Pikel zaps a wand.
You suddenly lose the ability to move!
Pikel hits you but does no damage.
You can move again.
You hit Pikel but do no damage. You block the lemure's attack.
You closely miss Pikel. Your headbutt misses Pikel.
Pikel hits you with a +2 whip of flaming!
Pikel burns you. You block the lemure's attack.
Pikel zaps a wand.
You resist with some effort.
You sock Pikel! Your headbutt misses Pikel.
Pikel is moderately wounded.
The lemure hits you but does no damage.
You hit Pikel. Your headbutt misses Pikel.
Pikel is moderately wounded.
Pikel hits you with a +2 whip of flaming!
Pikel burns you.
The lemure hits you. x2; You block the lemure's attack.
You barely miss Pikel. You headbutt Pikel!
Pikel is heavily wounded.
You block Pikel's attack. The lemure hits you.
* * * LOW HITPOINT WARNING * * *
The lemure hits you.
* * * LOW HITPOINT WARNING * * *
The lemure hits you.
* * * LOW HITPOINT WARNING * * *
Pikel says, "Don't tell anyone, but I think Ereshkigal likes me."
Pikel hits you with a +2 whip of flaming.
* * * LOW HITPOINT WARNING * * *
Pikel burns you.
* * * LOW HITPOINT WARNING * * *
Pikel hits you with a +2 whip of flaming.
You die...

.......... #.# #
#......# #.# #
#......# #.# #
#......# #.# #
#......# #.# #
#####.## #.# # #.#
#.# # #########.#
#.# #
.........@### #.#
#
.#######.5K5##.#..
#.# #
........5..'.....
#.# #
.####......##.##.
#.# # #...#####.#
#.# # #...# #.#
#.# #
###...#####.# #.#
# #.........#.#
#.###
#.#######.#.#
#.#..


You could see Pikel and 3 lemures.

Vanquished Creatures
  A necrophage (D:4)
  A centaur (D:5)
  A lemure (D:5)
  3 phantoms
  A howler monkey (D:4)
  2 hounds
  An iguana (D:4)
  Jessica (D:3)
  Ijyb (D:3)
  Terence (D:3)
  An orc wizard (D:3)
  10 adders
  A white imp (D:4)
  2 worms
  3 orcs
  4 ball pythons
  5 endoplasms
  3 giant cockroaches
  10 goblins
  4 hobgoblins
  3 quokkas
  7 bats
  3 frilled lizards (D:1)
  8 kobolds
  6 rats
83 creatures vanquished.

Notes
Turn   | Place    | Note
-------+----------+-------------------------------------------
     0 | Abyss:1  | nickcage the Minotaur Abyssal Knight began the quest for
                  | the Orb.
     0 | Abyss:1  | Reached XP level 1. HP: 19/19 MP: 1/1
     0 | D:1      | Escaped the Abyss
   119 | D:1      | Reached skill level 1 in Shields
   184 | D:1      | Reached XP level 2. HP: 21/26 MP: 2/2
   291 | D:1      | Reached skill level 3 in Maces & Flails
   727 | D:1      | Reached ** piety under Lugonu
   982 | D:2      | Reached XP level 3. HP: 26/31 MP: 3/3
  1039 | D:2      | Noticed a phantom
  1405 | D:2      | Reached skill level 4 in Maces & Flails
  1499 | D:2      | Reached XP level 4. HP: 22/39 MP: 4/4
  1720 | D:2      | You fall into a shaft and drop 1 floor!
  1734 | D:3      | Noticed Ijyb
  1741 | D:3      | Killed Ijyb
  1798 | D:3      | Found a radiant altar of Vehumet.
  1800 | D:3      | Noticed Terence
  1816 | D:3      | Noticed Jessica
  1818 | D:3      | Killed Terence
  1819 | D:3      | Reached skill level 5 in Maces & Flails
  1821 | D:3      | Reached XP level 5. HP: 13/45 MP: 5/5
  1822 | D:3      | Gained mutation: You are agile. (Dex +2) [potion of
                  | mutation]
  1822 | D:3      | Gained mutation: Your spells are a little harder to cast,
                  | but a little more powerful. [potion of mutation]
  1822 | D:3      | Gained mutation: You are very agile. (Dex +4) [potion of
                  | mutation]
  1826 | D:3      | Killed Jessica
  2100 | D:3      | Found a broken altar of Ashenzari.
  2158 | D:3      | Found an ornate altar of the Wu Jian Council.
  2158 | D:3      | Found a hide-covered altar of Uskayaw.
  2384 | D:3      | Reached skill level 6 in Maces & Flails
  2500 | D:3      | Noticed a phantom
  2511 | D:3      | Killed a phantom
  2512 | D:3      | Reached XP level 6. HP: 31/51 MP: 6/6
  3130 | D:3      | Found a faded altar of an unknown god.
  3130 | D:3      | Noticed a shadow demon
  3191 | D:4      | Reached skill level 7 in Maces & Flails
  3425 | D:4      | Reached *** piety under Lugonu
  3520 | D:4      | Reached skill level 8 in Maces & Flails
  3520 | D:4      | Reached XP level 7. HP: 50/58 MP: 7/7
  4108 | D:5      | Entered Level 5 of the Dungeon
  4123 | D:5      | Reached skill level 9 in Maces & Flails
  4455 | D:5      | Noticed Pikel
  4457 | D:5      | Paralysed by Pikel for 2 turns
  4465 | D:5      | Slain by Pikel

Illustrated notes

Levels and vault maps discovered:
D:1:      minmay_arrival_cross, layout_basic, kennysheep_boxes
D:2:      layout_basic, nrook_loot_triangle, lightli_corner_chamber
D:3:      layout_rooms, ashenzari_altar_1, general_overflow_altar,
          mainiacjoe_overflow_divided_tiny,
          dreamdust_ecumenical_altar_sealed_demon, minmay_door_square,
          minmay_misc_feat_columns, uniq_jessica, uniq_ijyb, uniq_terence
D:4:      layout_loops_ring, corexii_checkpoint_a
D:5:      layout_basic, minmay_misc_feat_five, small_statue_intersection,
          uniq_pikel, uniq_crazy_yiuf_cottage, uniq_edmund, uniq_menkaure,
          uniq_prince_ribbit1

Skill      XL: |  1  2  3  4  5  6  7 |
---------------+----------------------+-----
Shields        | 1 2 3 4 |  4.0
Maces & Flails | 3 4 5 6 8 9 |  9.3
Fighting       | 4 |  4.1
Throwing       | |  0.3
Armour         | |  2.4
Dodging        | |  1.1
Invocations    | |  1.7

Action                   |  1- 3 |  4- 6 |  7- 9 || total
-------------------------+-------+-------+-------++-------
Melee: Mace              |    86 |   108 |    54 ||   248
       Headbutt          |     6 |    19 |    14 ||    39
Throw: Dart              |       |     5 |       ||     5
  Use: Potion            |       |     2 |       ||     2
Armor: Leather armour    |    24 |     4 |       ||    28
       Scale mail        |       |    29 |    17 ||    46
Dodge: Dodged            |    56 |    49 |    21 ||   126
Block: Buckler           |    14 |    25 |     6 ||    45
